 Dungeon Crawl Stone Soup version 0.27-a0-101-g3cb999cee2 (webtiles) character file.

Game seed: 3289616501434448150

13423 kae the Grappler (level 11, 0/101 HPs)
             Began as a Troll Monk on Jan 21, 2021.
             Was a Priest of Hepliaklqana.
             Slain by a nine-headed hydra (6 damage)
             ... on level 11 of the Dungeon.
             The game lasted 00:14:31 (12250 turns).

kae the Grappler (Troll Monk)                      Turns: 12250, Time: 00:14:32

Health: 0/101      AC: 15    Str: 30    XL:     11   Next: 75%
Magic:  0/10       EV: 14    Int:  6    God:    Hepliaklqana [***...]
Gold:   502        SH:  0    Dex: 12    Spells: 10/10 levels left

rFire    . . .     SeeInvis .     - Unarmed
rCold    . . .     Faith    .   (no shield)
rNeg     . . .     Spirit   +   a - +2 robe
rPois    .         Reflect  .   (helmet restricted)
rElec    .         Harm     .   x - +2 cloak {Will+}
rCorr    .         Rampage  .   (gloves unavailable)
Will     +....                  (boots unavailable)
Stlth    +++.......             B - amulet of guardian spirit
HPRegen  0.66/turn              g - +4 ring of protection
MPRegen  0.12/turn              J - +6 ring of strength

@: no status effects
A: large, unfitting armour, reduced essence, claws 3, regeneration 1, shaggy fur
1, tough skin 3
a: Renounce Religion, Recall Ancestor, Ancestor Identity, Transference


You were on level 11 of the Dungeon.
You worshipped Hepliaklqana.
Hepliaklqana was most pleased with you.
You visited 2 branches of the dungeon, and saw 12 of its levels.
You also visited: Sewer.

You collected 785 gold pieces.
You spent 283 gold pieces at shops.

Inventory:

Armour
 a - a +2 robe (worn)
 b - a +0 cloak of preservation
 x - a +2 cloak of willpower (worn)
Jewellery
 e - an uncursed amulet of reflection
 g - a +4 ring of protection (left claw)
 h - an uncursed ring of magical power
 k - an uncursed ring of resist corrosion
 l - an uncursed amulet of the acrobat
 p - an uncursed ring of fire
 B - an amulet of guardian spirit (around neck)
 G - an uncursed ring of wizardry
 I - an uncursed ring of poison resistance
 J - a +6 ring of strength (right claw)
Wands
 f - a wand of polymorph (13)
 i - a wand of random effects (27)
 v - a wand of disintegration (6)
 C - a wand of flame (9)
 F - a wand of iceblast (12)
 K - a wand of paralysis (6)
 M - a wand of enslavement (5)
 Q - a wand of acid (6)
Scrolls
 d - 2 scrolls of amnesia
 m - a scroll of teleportation
 n - 2 scrolls of fog
 u - 2 scrolls of remove curse
 y - a scroll of enchant weapon
 z - a scroll of enchant armour
 A - a scroll of blinking
 H - 3 scrolls of magic mapping
 L - a scroll of fear
 N - a scroll of noise {unknown}
 P - a scroll of identify
Potions
 c - 3 potions of lignification
 j - a potion of berserk rage
 o - 12 potions of curing
 q - a potion of magic
 r - 3 potions of heal wounds
 s - a potion of haste
 t - a potion of mutation
 w - 2 potions of flight
 D - 5 potions of might {unknown}
 E - a potion of brilliance {unknown}
 O - 2 potions of invisibility {unknown}


   Skills:
 + Level 8.5 Fighting
 + Level 8.5 Dodging
 + Level 6.2 Stealth
 + Level 10.0 Unarmed Combat


You had 10 spell levels left.
You didn't know any spells.
Your spell library contained the following spells:

 Spells                   Type           Power        Failure   Level
 Animate Skeleton         Necr           0%           45%         1
 Apportation              Tloc           0%           45%         1
 Corona                   Hex            0%           45%         1
 Sting                    Tmut/Pois      0%           45%         1
 Summon Small Mammal      Summ           0%           45%         1
 Poisonous Vapours        Pois/Air       0%           58%         2
 Ignite Poison            Fire/Tmut/Pois 0%           83%         3
 Mephitic Cloud           Conj/Pois/Air  0%           83%         3
 Olgreb's Toxic Radiance  Pois           0%           99%         4


Dungeon Overview and Level Annotations

Branches:
Dungeon (11/15)            Temple (1/1) D:7             Orc (0/2) D:11
  Sewer (visited)
   Lair: D:8-11

Altars:
Ashenzari
Cheibriados
Dithmenos
Elyvilon
Fedhas
Gozag
Hepliaklqana
Kikubaaqudgha
Makhleb
Nemelex Xobeh
Okawaru
Qazlal
Ru
Sif Muna
Trog
Uskayaw
Vehumet
Wu Jian
Xom
Yredelemnul
Zin
The Shining One

Shops:
D:4 [   D:5 *

Annotations:
D:5 Blork the orc
D:8 exclusions: orc and orc warrior, Gastronok
D:10 exclusion: 2 death yaks


Innate Abilities, Weirdness & Mutations

You are too large for most types of armour.
You have claws for hands.
Your natural rate of healing is unusually fast.
You are covered in fur. (AC +1)
You have extremely tough skin. (AC +3)
Your life essence is reduced to manifest your ancestor. (-10% HP)


Message History

The seven-headed hydra barely misses you.
The seven-headed hydra bites you. x2
The seven-headed hydra bites you but does no damage.
The seven-headed hydra bites you!
* * * LOW HITPOINT WARNING * * *
The seven-headed hydra bites you but does no damage.
The seven-headed hydra bites you!
* * * LOW HITPOINT WARNING * * *
You rip one of the seven-headed hydra's heads off!
The six-headed hydra grows two more!
You claw the eight-headed hydra!
The eight-headed hydra is severely wounded.
You rip one of the eight-headed hydra's heads off!
The seven-headed hydra grows two more!
You mangle the nine-headed hydra!!
The nine-headed hydra is almost dead.
The nine-headed hydra bites you!
* * * LOW HITPOINT WARNING * * *
The nine-headed hydra bites you.
* * * LOW HITPOINT WARNING * * *
The nine-headed hydra bites you.
You die...

##.######.#######...#
.............<.......
####..................
#..............#####
#.......(......#
####....†.........#
...........<......#######
........†...)..D.........
>...............@........
.....############...####
....)# #...#
.....############...####
..............$.(........
#####..##########...#####
#..##########...#
#####.................
........................


You could see a nine-headed hydra.

Vanquished Creatures
  A two-headed ogre (D:10)
  Urug (D:11)
  Pikel (D:4)
  A manticore (D:11)
  Psyche (D:10)
  Maurice (D:10)
  Maggie (D:8)
  A troll (D:11)
  A hornet (D:9)
  Prince Ribbit (D:8)
  A vampire (D:10)
  10 yaks
  Eustachio (D:4)
  Edmund (D:5)
  Menkaure (D:5)
  2 wargs (D:11)
  A water moccasin (D:11)
  4 sky beasts
  A black bear (D:10)
  5 orc warriors
  2 phantoms
  A necrophage (D:7)
  2 ice beasts
  3 centaurs
  10 ogres
  2 lemures (D:4)
  8 bullfrogs
  A water moccasin zombie (D:8)
  2 gnoll sergeants
  A scorpion (D:8)
  10 killer bees
  8 wights
  2 howler monkeys
  A bullfrog zombie (D:7)
  4 hounds
  4 centaur skeletons
  6 jellies
  Crazy Yiuf (D:2)
  4 bullfrog skeletons
  9 orc priests
  6 orc wizards
  2 iguanas
  7 worker ants
  A killer bee zombie (D:6)
  A hound zombie (D:3)
  2 hound skeletons
  2 worker ant zombies
  16 gnolls
  14 adders
  2 howler monkey skeletons
  A river rat (D:3)
  A shadow imp (D:5)
  A white imp (D:10)
  An ufetubus (D:5)
  An ooze (D:5)
  3 adder zombies
  7 worms
  A dart slug (D:4)
  9 leopard geckos
  27 orcs
  2 giant cockroaches (D:2)
  10 goblins
  13 hobgoblins
  11 jackals
  2 quokkas (D:2)
  8 ball pythons
  A ball python skeleton (D:3)
  6 bats
  2 frilled lizards
  A giant cockroach zombie (D:3)
  8 kobolds
  A quokka zombie (D:3)
  13 rats
  A butterfly (D:3)
302 creatures vanquished.

Vanquished Creatures (collateral kills)
  Erica (D:8)
  A cyclops (D:11)
  A soldier ant (D:11)
  A necrophage (D:10)
  A black bear (D:8)
  2 centaurs
  A bullfrog (D:9)
  A wight (D:9)
  An orc priest (D:11)
  A worker ant (D:9)
  An orc wizard (D:10)
  A white imp (D:9)
  An ufetubus (D:8)
  A leopard gecko (D:11)
  5 orcs
  A goblin (D:11)
  A hobgoblin (D:11)
22 creatures vanquished.

Vanquished Creatures (others)
  3 hexers (D:11)
  6 plants (Sewer)
9 creatures vanquished.

Grand Total: 333 creatures vanquished

Notes
Turn   | Place    | Note
-------+----------+-------------------------------------------
     0 | D:1      | kae the Troll Monk began the quest for the Orb.
     0 | D:1      | Reached XP level 1. HP: 22/22 MP: 0/0
   131 | D:1      | Reached XP level 2. HP: 23/29 MP: 1/1
   330 | D:1      | Reached XP level 3. HP: 28/36 MP: 2/2
   720 | D:2      | Noticed a phantom
   799 | D:2      | Killed a phantom
   800 | D:2      | Reached XP level 4. HP: 3/45 MP: 3/3
   995 | D:2      | Reached XP level 5. HP: 51/53 MP: 4/4
  1255 | D:2      | Found a runed translucent door.
  1256 | D:2      | Noticed Crazy Yiuf
  1542 | D:2      | Killed Crazy Yiuf
  1543 | D:2      | Reached skill level 4 in Unarmed Combat
  1774 | D:3      | Found a shimmering altar of Xom.
  1903 | D:3      | Reached XP level 6. HP: 61/61 MP: 5/5
  1927 | D:3      | Found a glowing drain.
  1948 | Sewer    | Entered a sewer
  3125 | D:4      | Noticed Eustachio
  3144 | D:4      | Killed Eustachio
  3185 | D:4      | Reached XP level 7. HP: 68/68 MP: 6/6
  3359 | D:4      | Noticed Pikel
  3381 | D:4      | Killed Pikel
  3382 | D:4      | Reached skill level 5 in Unarmed Combat
  3382 | D:4      | Reached XP level 8. HP: 58/79 MP: 7/7
  3421 | D:4      | Found Xunlol's Armour Shop.
  3429 | D:4      | Bought a +1 cloak of willpower for 231 gold pieces
  4177 | D:5      | Entered Level 5 of the Dungeon
  4386 | D:5      | Reached skill level 5 in Dodging
  4404 | D:5      | Noticed Edmund
  4411 | D:5      | Reached skill level 5 in Fighting
  4414 | D:5      | Noticed Menkaure
  4444 | D:5      | Noticed Blork the orc
  4494 | D:5      | Reached skill level 6 in Unarmed Combat
  4676 | D:5      | Found Alaaxtuny's Assorted Antiques.
  4683 | D:5      | Bought 2 emerald potions for 52 gold pieces
  5195 | D:5      | Killed Menkaure
  5309 | D:5      | Killed Edmund
  5957 | D:6      | Reached XP level 9. HP: 85/88 MP: 8/8
  6584 | D:7      | Reached skill level 7 in Unarmed Combat
  7192 | D:7      | Found a staircase to the Ecumenical Temple.
  7326 | Temple   | Entered the Ecumenical Temple
  7420 | Temple   | Became a worshipper of Hepliaklqana the Forgotten
  7420 | Temple   | Reached * piety under Hepliaklqana
  7420 | Temple   | Reached ** piety under Hepliaklqana
  7421 | Temple   | Remembered your ancestor Bongani as a hexer
  7901 | D:7      | Found an opulent altar of Gozag.
  7901 | D:7      | Found a snail-covered altar of Cheibriados.
  8355 | D:8      | Noticed Prince Ribbit
  8366 | D:8      | Killed Prince Ribbit
  8367 | D:8      | Reached XP level 10. HP: 71/90 MP: 6/9
  8505 | D:8      | Noticed Gastronok
  8610 | D:8      | Noticed Erica
  8688 | D:8      | Found a sacrificial altar of Ru.
  8863 | D:8      | Noticed Maggie
  8877 | D:8      | Killed Maggie
  8878 | D:8      | Reached skill level 8 in Unarmed Combat
  9350 | D:8      | Killed Erica
  9351 | D:8      | Reached skill level 5 in Stealth
 10250 | D:9      | Found a broken altar of Ashenzari.
 10366 | D:10     | Entered Level 10 of the Dungeon
 10420 | D:9      | Reached skill level 9 in Unarmed Combat
 10687 | D:10     | Noticed a death yak
 10749 | D:10     | Noticed a two-headed ogre
 10764 | D:10     | Killed a two-headed ogre
 10765 | D:10     | Reached XP level 11. HP: 97/99 MP: 8/10
 11004 | D:10     | Reached *** piety under Hepliaklqana
 11065 | D:10     | Noticed Psyche
 11084 | D:10     | Killed Psyche
 11205 | D:10     | Noticed Maurice
 11210 | D:10     | Noticed a death yak
 11211 | D:10     | Noticed a death yak
 11213 | D:10     | Killed Maurice
 11501 | D:11     | Found a staircase to the Orcish Mines.
 11844 | D:11     | Noticed Urug
 11971 | D:11     | Killed Urug
 11972 | D:11     | Reached skill level 10 in Unarmed Combat
 12112 | D:11     | Noticed a four-headed hydra
 12250 | D:11     | Slain by a nine-headed hydra

Illustrated notes

Levels and vault maps discovered:
D:1:      dpeg_arrival_boxes_within_box, layout_basic
D:2:      layout_rooms, minmay_misc_feat_x, minmay_surrounded,
          uniq_crazy_yiuf_cottage
D:3:      layout_loops_corners, xom_butterflies, portal_sewer_entry_b,
          serial_undead, serial_undead_a, serial_undead_a, serial_undead_f,
          serial_undead_f, serial_undead_e, serial_undead_a, serial_undead_d
D:4:      layout_loops_corners, serial_shops, shop, minmay_puff, uniq_pikel,
          uniq_eustachio
D:5:      layout_layer_cave, serial_shops, nicolae_shop_overgrown_old_shop,
          uniq_menkaure, uniq_edmund, uniq_blork_the_orc
D:6:      layout_loops_ring
D:7:      layout_basic, gammafunk_temple_overflow_wave,
          minmay_temple_entry_trees, sword_in_stone
D:8:      layout_basic, nicolae_ru_awakened_eye, uniq_erica,
          uniq_prince_ribbit1, uniq_gastronok, uniq_maggie
D:9:      layout_long_grid, lemuel_round_altar
D:10:     layout_loops_ring, dpeg_lair_monsters, uniq_maurice, uniq_harold,
          uniq_psyche
D:11:     layout_long_grid, erik_orc_4, uniq_urug
Temple:   minmay_temple_bridge_d

Skill      XL: |  1  2  3  4  5  6  7  8  9 10 11 |
---------------+----------------------------------+-----
Fighting       | 3 4 5 6 7 8 |  8.5
Dodging        | 3 4 5 6 7 8 |  8.5
Unarmed Combat | 4 5 6 7 9 10 | 10.0
Stealth        | 2 3 4 5 6 |  6.2

Action                   |  1- 3 |  4- 6 |  7- 9 | 10-12 || total
-------------------------+-------+-------+-------+-------++-------
Melee: Unarmed           |    96 |   223 |   357 |   363 ||  1039
       Punch             |     2 |     2 |     7 |    18 ||    29
Invok: Ancestor Life: He |       |       |     1 |       ||     1
       Recall Ancestor   |       |       |       |     2 ||     2
       Transference      |       |       |       |     1 ||     1
Evoke: Wand              |       |       |       |     5 ||     5
  Use: Scroll            |       |    16 |     8 |     5 ||    29
 Stab: Sleeping          |     3 |    11 |    14 |     8 ||    36
       Confused          |       |       |       |     3 ||     3
       Distracted        |       |       |       |     1 ||     1
Armor: Robe              |    46 |    76 |   108 |   122 ||   352
Dodge: Dodged            |    54 |   102 |   181 |   177 ||   514
Block: Other             |       |    46 |     9 |       ||    55

Table legend: (Time is in decaauts)
 A = Elapsed time spent in this place.
 B = Non-inter-level travel time spent in this place.
 C = Inter-level travel time spent in this place.
 D = Time resting spent in this place.
 E = Time spent auto-exploring this place.
 F = Levels seen in this place.
 G = Mean time per level.
                   A        B        C        D        E       F      G
               +--------+--------+--------+--------+--------+-----+--------+
         Total |  12242 |  11607 |    635 |   1399 |   7818 |  13 |  941.7 |
       Dungeon |  11486 |  10930 |    556 |   1399 |   7304 |  11 | 1044.2 |
        Temple |    166 |     88 |     78 |      0 |     81 |   1 |  166.0 |
         Sewer |    589 |    589 |      0 |      0 |    432 |   1 |  589.0 |
               +--------+--------+--------+--------+--------+-----+--------+

Top non-repeatable levels by time:
     D:5: 1572 daAuts
     D:7: 1543 daAuts
     D:8: 1211 daAuts
     D:4: 1104 daAuts
     D:9: 1071 daAuts
    D:10: 981 daAuts
     D:3: 933 daAuts
     D:2: 900 daAuts
     D:1: 737 daAuts
    D:11: 737 daAuts
     D:6: 692 daAuts
   Sewer: 589 daAuts
  Temple: 166 daAuts
